 Dungeon Crawl Stone Soup version 0.25-a0-667-gb977e01cb5 (webtiles) character file.

Game seed: 6088878695906384458, levelgen mode: deterministic

10889 Laiders72 the Severer (level 11, -3/87 (88) HPs)
             Began as a Deep Dwarf Fighter on Mar 27, 2020.
             Was a Priest of Makhleb.
             Killed from afar by Nergalle (22 damage)
             ... with a bolt of negative energy
             ... on level 11 of the Dungeon on Mar 28, 2020.
             The game lasted 00:35:08 (9101 turns).

Laiders72 the Severer (Deep Dwarf Fighter)          Turns: 9101, Time: 00:35:09

HP:   -3/87 (88)    AC: 20    Str: 21    XL:     11   Next: 42%
MP:   2/2           EV:  4    Int: 11    God:    Makhleb [***...]
Gold: 203           SH:  0    Dex: 12    Spells: 10/10 levels left

rFire    + . .     SeeInvis +   y - +0 battleaxe
rCold    + . .     Gourm    .   (shield currently unavailable)
rNeg     . . .     Faith    .   m - +0 gold dragon scales
rPois    +         Spirit   .   (no helmet)
rElec    .         Reflect  .   p - +0 cloak
rCorr    .         Harm     .   G - +0 pair of gloves
MR       +....                  D - +0 pair of boots
Stlth    ..........             (no amulet)
HPRegen  0.00/turn              H - ring of see invisible
MPRegen  0.08/turn              (no ring)

@: non-regenerating, drained
A: damage resistance, heal wounds, sense surroundings 2, no regeneration
a: Heal Wounds, Minor Destruction, Lesser Servant of Makhleb, Renounce Religion


You were on level 11 of the Dungeon.
You worshipped Makhleb.
Makhleb was most pleased with you.
You were not hungry.

You visited 2 branches of the dungeon, and saw 12 of its levels.
You also visited: Ossuary.

You collected 608 gold pieces.
You spent 405 gold pieces at shops.

Inventory:

Hand Weapons
 a - a +1 war axe
 y - a +0 battleaxe (weapon)
Missiles
 l - 15 poisoned darts (quivered)
 u - 2 curare-tipped darts
Armour
 c - a +0 kite shield
 m - +0 gold dragon scales (worn)
 p - a +0 cloak (worn)
 D - a +0 pair of boots (worn)
 G - a +0 pair of gloves (worn)
Jewellery
 i - an uncursed ring of fire
 k - an uncursed amulet of the acrobat
 H - a ring of see invisible (left hand)
 J - an uncursed ring of wizardry {unknown}
Wands
 n - a wand of paralysis (36)
 r - a wand of scattershot (9)
 z - a wand of iceblast (10)
 A - a wand of polymorph (12)
 F - a wand of acid (14)
Scrolls
 g - 2 scrolls of enchant weapon
 h - 6 scrolls of identify
 j - 13 scrolls of teleportation
 x - 5 scrolls of remove curse
 E - 2 scrolls of magic mapping
 I - a scroll of fog
Potions
 d - 3 potions of might
 e - a potion of brilliance
 o - 4 potions of resistance
 q - 2 potions of cancellation
 s - a potion of magic
 t - 5 potions of heal wounds
 v - 6 potions of curing
 w - a potion of flight
 B - a potion of berserk rage
 C - 6 potions of haste
 K - a potion of stabbing
Comestibles
 b - 4 chunks of flesh
 f - 28 rations


   Skills:
 - Level 2.6(1.6) Fighting
 * Level 16.5(15.0) Axes
 - Level 10.0(8.7) Armour
 - Level 3.2(2.2) Shields


You had 10 spell levels left.
You didn't know any spells.
Your spell library contained the following spells:

 Spells                   Type           Power        Failure   Level  Hunger
 Corona                   Hex            #......      100%        1    ##.....
 Magic Dart               Conj           #...         100%        1    ##.....
 Summon Small Mammal      Summ           #...         100%        1    ##.....
 Blink                    Tloc           N/A          100%        2    ###....
 Call Imp                 Summ           #.......     100%        2    ###....
 Ensorcelled Hibernation  Hex/Ice        #.....       100%        2    ###....
 Slow                     Hex            #.......     100%        2    ###....
 Call Canine Familiar     Summ           #.......     100%        3    ####...
 Confusing Touch          Hex            #.......     100%        3    ####...
 Conjure Flame            Conj/Fire      #.......     100%        3    ####...
 Dazzling Flash           Conj/Hex       #.....       100%        3    ####...
 Mephitic Cloud           Conj/Pois/Air  #.......     100%        3    ####...
 Summon Guardian Golem    Hex/Summ       #.......     100%        3    ####...
 Tukima's Dance           Hex            #.......     100%        3    ####...
 Summon Ice Beast         Ice/Summ       #.......     100%        4    #####..
 Summon Lightning Spire   Summ/Air       #.......     100%        4    #####..


Dungeon Overview and Level Annotations

Branches:
Dungeon (11/15)            Temple (1/1) D:4            Lair (0/6) D:8
Ossuary (visited)
    Orc: D:9-12

Altars:
Ashenzari
Cheibriados
Dithmenos
Elyvilon
Fedhas
Gozag
Hepliaklqana
Kikubaaqudgha
Makhleb
Nemelex Xobeh
Okawaru
Qazlal
Ru
Sif Muna
Trog
Uskayaw
Vehumet
Wu Jian
Xom
Yredelemnul
Zin
The Shining One
Beogh

Shops:
D:5 [   D:6 [   D:10 !

Annotations:
D:11 Nergalle


Innate Abilities, Weirdness & Mutations

You are resistant to damage.
You can heal yourself by infusing magical energy.
You passively map the area around you.
You do not regenerate.


Message History

Nergalle is heavily wounded.
You slice Nergalle!!
Nergalle is almost dead.
Nergalle hits you but does no damage.
Your gold dragon scales prevents you from hitting Nergalle.
Nergalle is almost dead.
Nergalle hits you but does no damage.
You closely miss Nergalle.
Nergalle is almost dead.
Nergalle hits you but does no damage.
You closely miss Nergalle.
Nergalle is almost dead.
Nergalle points at you and mumbles some strange words.
The bolt of negative energy hits you!
You feel drained.
* * * LOW HITPOINT WARNING * * *
Your gold dragon scales prevents you from hitting Nergalle.
Nergalle is severely wounded.
Nergalle casts a spell at you. The bolt of negative energy hits you!!
You feel drained.
You die... , #...#.. #, ...# #...... #.,...# #.#.... . ...# ##.#..#. #.#..## * #..#..#. .#..!**, .......
Sl.,

## ##..... #o# *
#.. #..... #@#
.,#..###...._ #.#
**.##..##..).. #.#
............ #.###
##......... #...#
##..........
###.###.......†...
#.............((
####...........††##
#.....##.......†.#


You could see Nergalle, an iguana and an adder.

Vanquished Creatures
  2 two-headed ogres
  An ugly thing (D:11)
  A manticore (D:11)
  A cyclops (D:11)
  2 centaur skeletons
  A troll (D:11)
  A hornet (D:10)
  Eustachio (D:4)
  7 yaks
  A wyvern (D:4)
  3 hogs (D:7)
  A human (D:7)
  A sky beast (D:8)
  2 eyes of draining
  5 orc warriors
  3 black bears
  6 ice beasts
  7 ogres
  2 necrophages
  A centaur (D:9)
  A phantom (D:5)
  Blork the orc (D:4)
  10 bullfrogs
  5 scorpions
  9 killer bees
  13 wights
  A centaur zombie (D:5)
  4 crimson imps
  4 jellies
  3 hounds
  A human zombie (Ossuary)
  A bullfrog skeleton (D:4)
  6 orc wizards
  7 orc priests
  4 iguanas
  Jessica (D:3)
  8 worker ants
  Ijyb (D:4)
  3 hound skeletons
  3 mummies
  3 gnolls
  A howler monkey skeleton (D:5)
  12 adders
  A shadow imp (D:9)
  An ooze (D:3)
  4 adder zombies (Ossuary)
  An adder skeleton (D:5)
  3 worms
  A dart slug (D:4)
  7 leopard geckos
  36 orcs
  5 giant cockroaches
  7 goblins
  10 hobgoblins
  5 jackals
  A quokka (D:4)
  8 bats
  4 frilled lizards
  A goblin zombie (Ossuary)
  12 hobgoblin zombies
  A jackal zombie (Ossuary)
  10 kobolds
  3 kobold zombies (Ossuary)
  13 orc zombies
  A quokka skeleton (D:8)
  7 rats
  3 rat zombies (Ossuary)
296 creatures vanquished.

Vanquished Creatures (collateral kills)
  A shadow imp (D:10)
1 creature vanquished.

Vanquished Creatures (others)
  An orc (D:5)
  A quokka (D:5)
2 creatures vanquished.

Grand Total: 299 creatures vanquished

Notes
Turn   | Place    | Note
-------+----------+-------------------------------------------
     0 | D:1      | Laiders72 the Deep Dwarf Fighter began the quest for the
                  | Orb.
     0 | D:1      | Reached XP level 1. HP: 20/20 MP: 1/1
   110 | D:1      | Reached skill level 3 in Axes
   116 | D:1      | Reached XP level 2. HP: 24/27 MP: 2/2
   773 | D:1      | Reached XP level 3. HP: 22/33 MP: 3/3
  1082 | D:2      | Reached skill level 4 in Axes
  1302 | D:2      | Noticed a +0 dagger
  1304 | D:2      | Noticed a +0 hand axe
  1316 | D:2      | Found a hide-covered altar of Uskayaw.
  1528 | D:2      | Found a glowing silver altar of Zin.
  1960 | D:3      | Reached XP level 4. HP: 22/40 MP: 3/3
  1974 | D:3      | Reached skill level 5 in Axes
  2144 | D:3      | Reached XP level 5. HP: 35/46 MP: 4/4
  2425 | D:3      | Noticed Jessica
  2434 | D:3      | Killed Jessica
  2884 | D:4      | Noticed Ijyb
  2886 | D:4      | Paralysed by Ijyb for 7 turns
  2895 | D:4      | Killed Ijyb
  2895 | D:4      | Reached skill level 6 in Axes
  2931 | D:4      | Noticed Blork the orc
  2944 | D:4      | Killed Blork the orc
  2944 | D:4      | Reached XP level 6. HP: 44/55 MP: 4/4
  3011 | D:4      | Found a sand-covered staircase.
  3111 | Ossuary  | Entered an ossuary
  3131 | Ossuary  | Reached skill level 5 in Armour
  3275 | Ossuary  | Reached skill level 7 in Axes
  3382 | Ossuary  | Got an ebony halberd
  3398 | D:4      | Identified the cursed +1 halberd of Eniob {drain, rC+ Str+5
                  | Stlth-} (You found it in an ossuary)
  3400 | D:4      | Found a stormy altar of Qazlal.
  3466 | D:4      | Noticed Eustachio
  3481 | D:4      | Killed Eustachio
  3481 | D:4      | Reached XP level 7. HP: 50/61 MP: 5/5
  3594 | D:4      | Reached skill level 8 in Axes
  3627 | D:4      | Found a staircase to the Ecumenical Temple.
  3645 | Temple   | Entered the Ecumenical Temple
  4003 | D:4      | Noticed a wyvern
  4017 | D:4      | Killed a wyvern
  4017 | D:4      | Reached skill level 9 in Axes
  4017 | D:4      | Reached XP level 8. HP: 39/68 MP: 4/4
  4177 | D:5      | Entered Level 5 of the Dungeon
  4178 | D:5      | You fall into a shaft and drop 1 floor!
  4322 | D:6      | Found Iroitwe's Armour Emporium.
  4339 | D:6      | Reached skill level 10 in Axes
  4397 | D:6      | Identified the +7 dagger "Jumadghoz" {antimagic, +Fly}
  4416 | D:6      | Found a sacrificial altar of Ru.
  5022 | D:5      | Found Hidghicke's Armour Boutique.
  5124 | D:5      | Found a white marble altar of Elyvilon.
  5154 | D:5      | Gained mutation: You passively map the area around you.
                  | [Deep Dwarf growth]
  5154 | D:5      | Reached XP level 9. HP: 67/74 MP: 5/5
  5584 | D:5      | Found a burning altar of Makhleb.
  5612 | D:5      | Became a worshipper of Makhleb the Destroyer
  5713 | D:7      | Reached skill level 11 in Axes
  5848 | D:7      | Found an opulent altar of Gozag.
  6044 | D:7      | Found a hazy altar of Hepliaklqana.
  6155 | D:7      | Reached skill level 12 in Axes
  6332 | D:8      | Found a basalt altar of Yredelemnul.
  6379 | D:8      | Reached * piety under Makhleb
  6421 | D:8      | Found a blossoming altar of Fedhas.
  6436 | D:8      | Noticed a two-headed ogre
  6447 | D:8      | Killed a two-headed ogre
  6447 | D:8      | Reached skill level 13 in Axes
  6447 | D:8      | Reached XP level 10. HP: 41/81 MP: 6/6
  6730 | D:8      | Reached skill level 10 in Armour
  6896 | D:8      | Found a staircase to the Lair.
  7035 | D:8      | Found an ornate altar of the Wu Jian Council.
  7275 | D:8      | Reached ** piety under Makhleb
  7310 | D:8      | Found a roughly hewn altar of Beogh.
  7462 | D:8      | Reached skill level 14 in Axes
  7861 | D:9      | Reached skill level 15 in Axes
  8127 | D:10     | Entered Level 10 of the Dungeon
  8201 | D:10     | Found Taih's Distillery.
  8217 | D:10     | Bought a potion of heal wounds for 75 gold pieces
  8217 | D:10     | Bought a potion of flight for 45 gold pieces
  8217 | D:10     | Bought a potion of might for 60 gold pieces
  8217 | D:10     | Bought a potion of might for 60 gold pieces
  8217 | D:10     | Bought a potion of mutation for 120 gold pieces
  8217 | D:10     | Bought a potion of curing for 45 gold pieces
  8336 | D:10     | Reached *** piety under Makhleb
  8403 | D:10     | Reached XP level 11. HP: 85/88 MP: 3/3
  8622 | D:10     | Paralysed by a hornet for 1 turns
  8769 | D:11     | Noticed a two-headed ogre
  8789 | D:11     | Killed a two-headed ogre
  8919 | D:11     | Reached skill level 16 in Axes
  8938 | D:11     | Found a shimmering blue altar of Sif Muna.
  8949 | D:11     | HP: 4/88 [cyclops (15)]
  9010 | D:11     | Noticed a white ugly thing
  9028 | D:11     | Killed a white ugly thing
  9040 | D:11     | Found a shimmering altar of Xom.
  9041 | D:11     | Found a shimmering altar of Xom.
  9041 | D:11     | Found a shimmering altar of Xom.
  9043 | D:11     | Found a shimmering altar of Xom.
  9043 | D:11     | Found a shimmering altar of Xom.
  9090 | D:11     | Noticed Nergalle
  9101 | D:11     | Killed from afar by Nergalle

Levels and vault maps discovered:
D:1:      elethiomel_arrival_infinity_welcomes_careful_drivers, layout_basic,
          chequers_serial_rivers_small_b
D:2:      layout_basic, marbit_many_paths, dancing_weapons_uskayaw
D:3:      layout_basic, first_ration, uniq_jessica
D:4:      layout_gridville, nicolae_overflow_crystal_walls, temple_fountains,
          nicolae_ossuary_entry_giza, uniq_ijyb, uniq_eustachio,
          uniq_blork_the_orc
D:5:      layout_basic, elyvilon_altar_4, overflow_temple_1_default,
          serial_shops, nicolae_shop_stone
D:6:      layout_loops_ring, lemuel_crystal_altar, serial_shops,
          nicolae_shop_trees, kennysheep_boxes
D:7:      layout_rooms, kennysheep_mini_moat, grunt_gozag_breadcrumbs,
          serial_curves, eino_curves_02, eino_curves_01, grunt_livestock
D:8:      layout_loops_corners, old_standard_altar, lemuel_crystal_altar,
          lair_entry_dummy, special_room [special_room_orc], fedhas_altar_1
D:9:      layout_long_grid
D:10:     layout_roguey, serial_shops, nicolae_shop_statue_plus,
          serial_corexii_hall, corexii_hall_statues_l, corexii_hall_statues_s,
          st_stairs_1
D:11:     minmay_general_purpose_star, layout_rooms,
          kennysheep_orc_monster_closet_entryway, basic_altar, xom_redecorated,
          uniq_nergalle
Temple:   hc_temple_tempest_star

Skill      XL: |  1  2  3  4  5  6  7  8  9 10 11 |
---------------+----------------------------------+-----
Axes           | 3 4 5 6 7 9 10 13 15 16 | 16.5
Armour         | 4 5 6 7 9 10 | 10.0
Fighting       | |  2.6
Shields        | |  3.2

Action                   |  1- 3 |  4- 6 |  7- 9 | 10-12 || total
-------------------------+-------+-------+-------+-------++-------
Melee: War axe           |   193 |   239 |   305 |       ||   737
       Battleaxe         |       |       |    57 |   511 ||   568
Throw: Dart              |       |     1 |    10 |     5 ||    16
 Abil: Heal Wounds       |     4 |     4 |    12 |    14 ||    34
  Use: Scroll            |     5 |     2 |     3 |    11 ||    21
       Potion            |       |       |     5 |     1 ||     6
  Eat: Chunk             |     3 |     6 |    10 |    10 ||    29
Armor: Scale mail        |    45 |       |       |       ||    45
       Gold dragon scale |    67 |   184 |   211 |   526 ||   988
Dodge: Dodged            |    31 |    10 |    18 |   130 ||   189
Block: Kite shield       |    97 |   118 |   136 |       ||   351

Table legend:
 A = Non-vault XP
 B = Vault XP
 C = Vault XP percentage of total XP
 D = Non-vault monster count
 E = Vault monster count
 F = Vault count percentage of total count
                 A         B        C        D         E       F
            +---------+---------+-------+---------+---------+-------
      Total |   13406 |    2150 |  13.8 |     224 |      73 |  24.6
            +---------+---------+-------+---------+---------+-------
        D:1 |      44 |       0 |   0.0 |      25 |       0 |   0.0
        D:2 |      39 |       1 |   2.5 |      22 |       1 |   4.3
        D:3 |     185 |      37 |  16.7 |      20 |       1 |   4.8
        D:4 |     737 |     358 |  32.7 |      17 |       6 |  26.1
        D:5 |     316 |       0 |   0.0 |       9 |       0 |   0.0
        D:6 |    1092 |       0 |   0.0 |      23 |       0 |   0.0
        D:7 |     616 |     948 |  60.6 |      11 |       5 |  31.2
        D:8 |    3132 |     625 |  16.6 |      33 |      20 |  37.7
        D:9 |    2172 |       0 |   0.0 |      29 |       0 |   0.0
       D:10 |    1321 |      49 |   3.6 |      14 |       2 |  12.5
       D:11 |    3752 |       0 |   0.0 |      21 |       0 |   0.0
    Ossuary |       0 |     132 | 100.0 |       0 |      38 | 100.0
            +---------+---------+-------+---------+---------+-------
